 Dungeon Crawl Stone Soup version 0.31-a0-1178-gc5c9b8f871 (webtiles) character file.

Game seed: 1261558763353206347

11353 qw the Skirmisher (level 11, -7/71 HPs)
             Began as a Gargoyle Hunter on Dec 11, 2023.
             Was a High Priest of Okawaru.
             Mangled by a boulder beetle (18 damage)
             ... on level 10 of the Dungeon.
             The game lasted 00:04:20 (7326 turns).

qw the Skirmisher (Gargoyle Hunter)                 Turns: 7326, Time: 00:04:21

Health: -7/71      AC: 16    Str: 15    XL:     11   Next: 76%
Magic:  16/16      EV: 15    Int: 10    God:    Okawaru [*****.]
Gold:   656        SH:  0    Dex: 23    Spells: 10/10 levels left

rFire   . . .        g - +2 orcbow (flame)
rCold   . . .        (shield currently unavailable)
rNeg    + . .        n - +0 troll leather armour
rPois   inf          d - +0 helmet
rElec   +            i - scarf {repulsion}
rCorr   .            l - +2 pair of gloves
SInv    .            v - +0 pair of boots
Will    +....        (no amulet)
Stlth   ++           Y - ring of willpower
HPRegen 1.11/turn    x - +6 ring of dexterity
MPRegen 0.15/turn

%: repel missiles
@: no status effects
A: sickness immunity, AC +8, negative energy resistance 1, electricity
resistance, torment resistance 1, petrification resistance
a: Renounce Religion, Heroism, Finesse, Duel


You were on level 10 of the Dungeon.
You worshipped Okawaru.
Okawaru was extremely pleased with you.
You visited 2 branches of the dungeon, and saw 11 of its levels.

You collected 656 gold pieces.


Innate Abilities, Weirdness & Mutations

You are immune to sickness and miasma.
Your stone body is resilient. (AC +8)
You are immune to poison.
You resist negative energy. (rN+)
You are resistant to electric shocks. (rElec)
You are resistant to unholy torment.
You are immune to petrification.


   Skills:
 - Level 9.0 Fighting
 + Level 13.9 Ranged Weapons
 - Level 3.2 Armour
 - Level 5.0 Dodging
 - Level 1.1 Stealth
 + Level 7.7 Invocations


You had 10 spell levels left.
You didn't know any spells.
Your spell library was empty.

Inventory:

Hand Weapons
 g - a +2 orcbow of flaming (weapon)
Armour
 d - a +0 helmet (worn)
 i - a scarf of repulsion (worn)
 l - a +2 pair of gloves (worn)
 n - a +0 troll leather armour (worn)
 s - a +0 ring mail of fire resistance
 v - a +0 pair of boots (worn)
Jewellery
 f - a ring of fire
 x - a +6 ring of dexterity (right hand)
 Y - a ring of willpower (left hand)
Wands
 b - a wand of mindburst (22)
 m - a wand of quicksilver (4)
 p - a wand of iceblast (13)
 r - a wand of polymorph (16)
 w - a wand of paralysis (23)
Scrolls
 a - 2 scrolls of poison {unknown}
 e - a scroll of identify
Potions
 c - 3 potions of mutation
 h - a potion of haste
 j - a potion of curing
 k - 3 potions of enlightenment
 z - a potion of might {unknown}

Dungeon Overview and Level Annotations

Branches:
Dungeon (10/15)            Temple (1/1) D:7            Lair (0/5) D:10
    Orc: D:9-12

Altars:
Ashenzari
Cheibriados
Dithmenos
Elyvilon
Fedhas
Gozag
Hepliaklqana
Kikubaaqudgha
Makhleb
Nemelex Xobeh
Okawaru
Qazlal
Ru
Sif Muna
Trog
Uskayaw
Vehumet
Wu Jian
Xom
Yredelemnul
Zin
The Shining One

Shops:
D:1 =   D:4 [

Annotations:
D:9 1 runed translucent door, qw's ghost, novice GrHu


Message History

The boulder beetle is heavily wounded.
The boulder beetle bites you!
You shoot an arrow.
The arrow hits the boulder beetle but does no damage.
The boulder beetle is heavily wounded.
The boulder beetle bites you.
You shoot an arrow.
The arrow hits the boulder beetle but does no damage.
The boulder beetle is heavily wounded.
The boulder beetle closely misses you.
You shoot an arrow.
The arrow hits the boulder beetle but does no damage.
The boulder beetle is heavily wounded.
You shoot an arrow. The arrow hits the boulder beetle.
The arrow burns the boulder beetle.
The boulder beetle is severely wounded.
The boulder beetle bites you.
You shoot an arrow.
The arrow completely misses the boulder beetle.
The boulder beetle bites you!
You shoot an arrow.
The arrow hits the boulder beetle but does no damage.
The boulder beetle is severely wounded.
The boulder beetle bites you but does no damage.
You shoot an arrow.
The arrow hits the boulder beetle but does no damage.
The boulder beetle is severely wounded.
The boulder beetle bites you.
You shoot an arrow. The arrow hits the boulder beetle.
The arrow burns the boulder beetle.
The boulder beetle is severely wounded.
The boulder beetle bites you but does no damage.
You shoot an arrow.
The arrow hits the boulder beetle but does no damage.
The boulder beetle is severely wounded.
You shoot an arrow. The arrow hits the boulder beetle.
The arrow burns the boulder beetle.
The boulder beetle is almost dead.
The boulder beetle bites you!!
You die...

#.# #...#
#............ #.#
#)###...#)####..#.##.
#########.###.#
.!.#.# #..#.##.
.........#..(%#
...#.# #..#.##.
#####....###.#
.%.#.####..#.##.
#..#..#
#.###...#.........##.
#.###.#
#...#...#....#.......
#..#..#
#..##...####.##.....(
#.....# #...@B..#
#.#######. #.#.#.#
#.####### #.#######.
#.#.#.# #.#
#.........
.####.#>#.# #.#
#..#######
..........# #.# #..#
#####.#.### #.# #.<#
#.#.# #. #..# #...# .
#### ##.####....


You could see a boulder beetle.

Vanquished Creatures
  3 two-headed ogres (D:10)
  An elephant (D:10)
  Maggie (D:7)
  A komodo dragon (D:10)
  An unseen horror (D:9)
  A hornet (D:5)
  2 trolls
  Sigmund (D:4)
  A shadow (D:10)
  A wraith (D:9)
  12 yaks
  2 wyverns
  A steam dragon (D:6)
  6 vampire mosquitoes
  Menkaure (D:5)
  Edmund (D:4)
  An acid dragon (D:8)
  2 orc warriors
  3 black bears
  A sky beast (D:6)
  An ogre (D:6)
  5 centaurs
  A phantom (D:5)
  4 kobold brigands
  3 bullfrogs
  15 wights
  4 scorpions (D:6)
  8 killer bees
  3 howler monkeys (D:7)
  6 hounds
  9 orc priests
  2 jellies
  A gnoll bouda (D:8)
  2 sleepcaps
  Jessica (D:2)
  Terence (D:2)
  An iguana (D:4)
  8 orc wizards
  5 adders
  3 gnolls (D:8)
  4 river rats (D:6)
  2 shadow imps
  2 ufetubi (D:6)
  9 dart slugs
  37 orcs
  4 endoplasms
  A giant cockroach (D:3)
  8 goblins
  5 hobgoblins
  2 jackals (D:1)
  6 quokkas
  5 ball pythons
  6 bats
  5 frilled lizards
  11 kobolds
  3 rats
236 creatures vanquished.

Vanquished Creatures (others)
  An orc wizard (D:7)
1 creature vanquished.

Grand Total: 237 creatures vanquished

Notes
Turn   | Place    | Note
-------+----------+-------------------------------------------
     0 | D:1      | qw the Gargoyle Hunter began the quest for the Orb.
     0 | D:1      | Reached XP level 1. HP: 12/12 MP: 1/1
     0 | D:1      | 0 ||| qw: Version: 0.3-a-106-g2cfff9e
     0 | D:1      | 0 ||| qw: Game counter: 1968
     0 | D:1      | 0 ||| qw: Melee chars always use a shield: true
     0 | D:1      | 0 ||| qw: God list: Okawaru
     0 | D:1      | 0 ||| qw: Allow faded altars: false
     0 | D:1      | 0 ||| qw: Do Orc after clearing Dungeon:15 true
     0 | D:1      | 0 ||| qw: Do second Lair branch before Depths: true
     0 | D:1      | 0 ||| qw: Lair rune preference: random
     0 | D:1      | 0 ||| qw: Goals: Normal, Save, Zot:1-4, Win
     0 | D:1      | 0 ||| PLANNING D:1-11
    70 | D:1      | Reached XP level 2. HP: 17/17 MP: 2/2
   240 | D:1      | Reached XP level 3. HP: 21/21 MP: 3/3
   317 | D:1      | Reached skill level 5 in Ranged Weapons
   432 | D:1      | Found Vuri's One-of-a-Kind Rings.
   439 | D:1      | 439 ||| SHOPLISTING +8 ring of dexterity (550 gold, have
                  | 39).
   439 | D:1      | 439 ||| SHOPLISTING +8 ring of evasion (780 gold, have 39).
   439 | D:1      | 439 ||| SHOPLISTING +8 ring of slaying (2000 gold, have
                  | 39).
   439 | D:1      | 439 ||| SHOPLISTING ring "Savoini" {*Corrode rF+ rC+ Dex+5}
                  | (439 gold, have 39).
   439 | D:1      | 439 ||| SHOPLISTING ring of Atheism {rC+ Dex+4} (404 gold,
                  | have 39).
   439 | D:1      | 439 ||| SHOPLISTING ring of Qeqampie {rC+ AC+5} (690 gold,
                  | have 39).
   658 | D:1      | 658 ||| UPGRADING to +0 helmet.
   663 | D:1      | 663 ||| UPGRADING to +0 ring mail.
   673 | D:1      | 673 ||| DROPPING +0 leather armour.
   674 | D:1      | 674 ||| UPGRADING to +0 pair of gloves.
   679 | D:1      | 679 ||| READING scroll labelled NIUNAI WE JENK.
   679 | D:1      | 679 ||| BRANDING +0 shortbow.
   680 | D:1      | 680 ||| READING scroll labelled FYRPHI LUXIOL.
   681 | D:1      | 681 ||| DRINKING 2 fizzy purple potions.
   720 | D:1      | 720 ||| DROPPING scroll of butterflies.
   721 | D:1      | 721 ||| DROPPING potion of lignification.
   762 | D:2      | Found a sparkling altar of Nemelex Xobeh.
   783 | D:2      | Noticed Jessica
   788 | D:2      | Killed Jessica
   811 | D:2      | Reached XP level 4. HP: 26/26 MP: 4/4
  1207 | D:2      | Reached skill level 3 in Fighting
  1230 | D:2      | Noticed Terence
  1236 | D:2      | Killed Terence
  1255 | D:2      | Identified the +2 robe of the Freezing Yaks {rN+ Regen+
                  | Int+2 Dex-2}
  1396 | D:2      | 1396 ||| UPGRADING to +2 robe.
  1406 | D:2      | 1406 ||| DROPPING +0 ring mail.
  1407 | D:2      | 1407 ||| UPGRADING to +2 robe of the Freezing Yaks {rN+
                  | Regen+ Int+2 Dex-2}.
  1417 | D:2      | 1417 ||| DROPPING +2 robe.
  1418 | D:2      | 1418 ||| READING scroll labelled WIACEIRAXT.
  1418 | D:2      | 1418 ||| IDENTIFYING viscous golden potion
  1419 | D:2      | 1419 ||| READING scroll labelled KAKKIO DAKH.
  1465 | D:3      | Reached XP level 5. HP: 32/32 MP: 5/5
  1721 | D:3      | Found a stormy altar of Qazlal.
  1756 | D:3      | Found a glowing silver altar of Zin.
  1765 | D:3      | Found a sparkling altar of Nemelex Xobeh.
  1766 | D:3      | Found a basalt altar of Yredelemnul.
  1885 | D:3      | 1885 ||| READING scroll of identify.
  1885 | D:3      | 1885 ||| IDENTIFYING brown potion
  1886 | D:3      | 1886 ||| READING scroll labelled VELEID AMOU.
  1987 | D:3      | 1987 ||| DRINKING 2 ruby potions.
  2057 | D:4      | Found Supu's Armour Shop.
  2091 | D:4      | Noticed Sigmund
  2104 | D:4      | Killed Sigmund
  2105 | D:4      | Reached skill level 6 in Ranged Weapons
  2105 | D:4      | Reached XP level 6. HP: 33/37 MP: 6/6
  2121 | D:4      | 2121 ||| Stepping ~*~*~tactically~*~*~ (retreating).
  2123 | D:4      | 2123 ||| Stepping ~*~*~tactically~*~*~ (retreating).
  2124 | D:4      | 2124 ||| Stepping ~*~*~tactically~*~*~ (retreating).
  2131 | D:4      | HP: 6/37 [orc priest/divine providence (10)]
  2132 | D:4      | 2132 ||| DRINKING potion of heal wounds.
  2191 | D:4      | Reached skill level 7 in Ranged Weapons
  2191 | D:4      | Reached XP level 7. HP: 43/43 MP: 7/7
  2219 | D:4      | Noticed Edmund
  2223 | D:4      | Killed Edmund
  2284 | D:4      | 2284 ||| SHOPLISTING +2 pair of boots (198 gold, have 188).
  2284 | D:4      | 2284 ||| SHOPLISTING +3 ring mail of willpower (312 gold,
                  | have 188).
  2489 | D:4      | 2489 ||| UPGRADING to ring of willpower.
  2490 | D:4      | 2490 ||| READING scroll of identify.
  2490 | D:4      | 2490 ||| IDENTIFYING pink potion
  2491 | D:4      | 2491 ||| READING scroll labelled FANESHR KEIQO.
  2492 | D:4      | 2492 ||| DRINKING 2 sedimented inky potions.
  2493 | D:4      | 2493 ||| DROPPING potion of brilliance.
  2505 | D:5      | Entered Level 5 of the Dungeon
  2509 | D:5      | Noticed a hornet
  2515 | D:5      | 2515 ||| Stepping ~*~*~tactically~*~*~ (retreating).
  2522 | D:5      | Killed a hornet
  2523 | D:5      | Reached skill level 8 in Ranged Weapons
  2523 | D:5      | 2523 ||| STAIRDANCE
  2577 | D:5      | 2577 ||| FLEEEEING.
  2582 | D:5      | 2582 ||| FLEEEEING.
  2590 | D:5      | Reached XP level 8. HP: 48/48 MP: 8/8
  2810 | D:5      | Noticed Menkaure
  2814 | D:5      | Killed Menkaure
  2815 | D:5      | Reached skill level 9 in Ranged Weapons
  3070 | D:5      | Reached skill level 6 in Fighting
  3251 | D:5      | 3251 ||| UPGRADING to +0 pair of boots.
  3256 | D:5      | 3256 ||| READING 3 scrolls of identify.
  3256 | D:5      | 3256 ||| IDENTIFYING clear potion
  3257 | D:5      | 3257 ||| READING 2 scrolls of identify.
  3257 | D:5      | 3257 ||| IDENTIFYING fuming coppery potion
  3258 | D:5      | 3258 ||| READING scroll of identify.
  3258 | D:5      | 3258 ||| IDENTIFYING grey potion
  3259 | D:5      | 3259 ||| READING 2 scrolls labelled EKLURI XITSASE.
  3263 | D:5      | 3263 ||| READING scroll labelled MASTIK ARCHOLI.
  3264 | D:5      | 3264 ||| READING scroll labelled HUOTUQAVVO.
  3365 | D:5      | 3365 ||| DROPPING potion of ambrosia.
  3366 | D:5      | 3366 ||| DROPPING potion of magic.
  3427 | D:6      | 3427 ||| FLEEEEING.
  3429 | D:6      | 3429 ||| STAIRDANCE
  3453 | D:6      | 3453 ||| SWAPPING to +2 orcbow of flaming.
  3454 | D:6      | 3454 ||| DROPPING +0 shortbow of electrocution.
  3483 | D:6      | Reached skill level 10 in Ranged Weapons
  3523 | D:6      | 3523 ||| Stepping ~*~*~tactically~*~*~ (retreating).
  3526 | D:6      | Reached XP level 9. HP: 56/56 MP: 9/9
  3539 | D:6      | Found a hide-covered altar of Uskayaw.
  3615 | D:6      | Reached skill level 3 in Dodging
  3615 | D:6      | 3615 ||| FLEEEEING.
  3616 | D:6      | 3616 ||| FLEEEEING.
  3786 | D:6      | 3786 ||| Stepping ~*~*~tactically~*~*~ (cloud).
  3789 | D:6      | 3789 ||| Stepping ~*~*~tactically~*~*~ (cloud).
  3797 | D:6      | 3797 ||| Stepping ~*~*~tactically~*~*~ (cloud).
  4194 | D:7      | 4194 ||| Stepping ~*~*~tactically~*~*~ (retreating).
  4209 | D:7      | Reached skill level 11 in Ranged Weapons
  4218 | D:7      | 4218 ||| FLEEEEING.
  4219 | D:7      | 4219 ||| FLEEEEING.
  4222 | D:7      | 4222 ||| FLEEEEING.
  4223 | D:7      | 4223 ||| FLEEEEING.
  4224 | D:7      | 4224 ||| FLEEEEING.
  4225 | D:7      | 4225 ||| FLEEEEING.
  4227 | D:7      | 4227 ||| FLEEEEING.
  4228 | D:7      | 4228 ||| FLEEEEING.
  4229 | D:7      | 4229 ||| FLEEEEING.
  4230 | D:7      | 4230 ||| FLEEEEING.
  4231 | D:7      | 4231 ||| FLEEEEING.
  4232 | D:7      | 4232 ||| FLEEEEING.
  4233 | D:7      | 4233 ||| FLEEEEING.
  4234 | D:7      | 4234 ||| FLEEEEING.
  4235 | D:7      | 4235 ||| FLEEEEING.
  4300 | D:7      | Found a staircase to the Ecumenical Temple.
  4301 | D:7      | 4301 ||| PLANNING TEMPLE
  4301 | D:7      | 4301 ||| UPGRADING to scarf of repulsion.
  4313 | D:7      | 4313 ||| Stepping ~*~*~tactically~*~*~ (retreating).
  4314 | D:7      | 4314 ||| Stepping ~*~*~tactically~*~*~ (retreating).
  4315 | D:7      | 4315 ||| Stepping ~*~*~tactically~*~*~ (retreating).
  4316 | D:7      | 4316 ||| Stepping ~*~*~tactically~*~*~ (retreating).
  4320 | D:7      | 4320 ||| Stepping ~*~*~tactically~*~*~ (retreating).
  4321 | D:7      | 4321 ||| Stepping ~*~*~tactically~*~*~ (retreating).
  4347 | Temple   | Entered the Ecumenical Temple
  4348 | Temple   | 4348 ||| PLANNING OKAWARU WORSHIP
  4432 | Temple   | Became a worshipper of Warmaster Okawaru
  4433 | Temple   | 4433 ||| PLANNING D:1-11
  4638 | D:7      | Noticed Maggie
  4670 | D:7      | Killed Maggie
  4772 | D:7      | Reached XP level 10. HP: 64/64 MP: 10/10
  4782 | D:7      | Reached * piety under Okawaru
  4783 | D:7      | Reached skill level 12 in Ranged Weapons
  4788 | D:7      | 4788 ||| FLEEEEING.
  4805 | D:7      | Reached skill level 1 in Invocations
  4994 | D:7      | 4994 ||| READING scroll of identify.
  4994 | D:7      | 4994 ||| IDENTIFYING murky emerald potion
  4995 | D:7      | 4995 ||| DROPPING potion of berserk rage.
  5018 | D:8      | 5018 ||| STAIRDANCE
  5046 | D:8      | Found a shimmering blue altar of Sif Muna.
  5623 | D:8      | Reached skill level 3 in Invocations
  5843 | D:8      | 5843 ||| UPGRADING to ring of willpower.
  5844 | D:8      | 5844 ||| UPGRADING to +6 ring of dexterity.
  5846 | D:8      | 5846 ||| DROPPING ring of willpower.
  5847 | D:8      | 5847 ||| READING scroll labelled ITZIST HEUM.
  5848 | D:8      | 5848 ||| READING scroll labelled HOYGOTUSULL.
  5861 | D:9      | Reached ** piety under Okawaru
  5903 | D:9      | 5903 ||| RETREEAATING.
  5905 | D:9      | 5905 ||| RETREEAATING.
  5907 | D:9      | 5907 ||| RETREEAATING.
  6047 | D:9      | 6047 ||| RETREEAATING.
  6053 | D:9      | Reached *** piety under Okawaru
  6064 | D:9      | Reached skill level 13 in Ranged Weapons
  6157 | D:9      | Reached skill level 9 in Fighting
  6206 | D:9      | Found a runed translucent door.
  6211 | D:9      | Noticed qw's ghost (novice GrHu)
  6251 | D:9      | 6251 ||| Stepping randomly (disturbance).
  6252 | D:9      | 6252 ||| Stepping randomly (disturbance).
  6253 | D:9      | 6253 ||| Stepping randomly (disturbance).
  6254 | D:9      | 6254 ||| Stepping randomly (disturbance).
  6255 | D:9      | 6255 ||| Stepping randomly (disturbance).
  6268 | D:9      | 6268 ||| Stepping randomly (disturbance).
  6269 | D:9      | 6269 ||| Stepping randomly (disturbance).
  6270 | D:9      | 6270 ||| Stepping randomly (disturbance).
  6271 | D:9      | 6271 ||| Stepping randomly (disturbance).
  6272 | D:9      | 6272 ||| Stepping randomly (disturbance).
  6277 | D:9      | 6277 ||| Stepping randomly (disturbance).
  6278 | D:9      | 6278 ||| Stepping randomly (disturbance).
  6279 | D:9      | 6279 ||| Stepping randomly (disturbance).
  6280 | D:9      | 6280 ||| Stepping randomly (disturbance).
  6281 | D:9      | 6281 ||| UPGRADING to +0 troll leather armour.
  6291 | D:9      | 6291 ||| DROPPING +2 robe of the Freezing Yaks {rN+ Regen+
                  | Int+2 Dex-2}.
  6292 | D:9      | 6292 ||| DROPPING +3 leather armour.
  6293 | D:9      | 6293 ||| READING scroll labelled ISEIHADOUF.
  6293 | D:9      | 6293 ||| ENCHANTING +0 pair of gloves.
  6294 | D:9      | 6294 ||| Stepping randomly (disturbance).
  6296 | D:9      | 6296 ||| Stepping randomly (disturbance).
  6297 | D:9      | 6297 ||| Stepping randomly (disturbance).
  6298 | D:9      | 6298 ||| Stepping randomly (disturbance).
  6308 | D:9      | Killed an unseen horror
  6308 | D:9      | Reached **** piety under Okawaru
  6309 | D:9      | Reached skill level 3 in Armour
  6309 | D:9      | Reached XP level 11. HP: 71/71 MP: 14/14
  6318 | D:9      | 6318 ||| READING scroll of enchant armour.
  6318 | D:9      | 6318 ||| ENCHANTING +1 pair of gloves.
  6348 | D:9      | 6348 ||| RETREEAATING.
  6349 | D:9      | 6349 ||| Stepping ~*~*~tactically~*~*~ (retreating).
  6350 | D:9      | 6350 ||| Stepping ~*~*~tactically~*~*~ (retreating).
  6351 | D:9      | 6351 ||| Stepping ~*~*~tactically~*~*~ (retreating).
  6352 | D:9      | 6352 ||| Stepping ~*~*~tactically~*~*~ (retreating).
  6353 | D:9      | 6353 ||| Stepping ~*~*~tactically~*~*~ (retreating).
  6354 | D:9      | 6354 ||| Stepping ~*~*~tactically~*~*~ (retreating).
  6356 | D:9      | 6356 ||| Stepping ~*~*~tactically~*~*~ (retreating).
  6357 | D:9      | 6357 ||| Stepping ~*~*~tactically~*~*~ (retreating).
  6510 | D:10     | Entered Level 10 of the Dungeon
  6632 | D:10     | Noticed a two-headed ogre
  6635 | D:10     | 6635 ||| RETREEAATING.
  6646 | D:10     | 6646 ||| FLEEEEING.
  6650 | D:10     | 6650 ||| FLEEEEING.
  6651 | D:10     | 6651 ||| FLEEEEING.
  6652 | D:10     | 6652 ||| FLEEEEING.
  6656 | D:10     | Killed a two-headed ogre
  6694 | D:10     | Reached skill level 6 in Invocations
  6736 | D:10     | Noticed a two-headed ogre
  6737 | D:10     | 6737 ||| RETREEAATING.
  6739 | D:10     | 6739 ||| RETREEAATING.
  6740 | D:10     | 6740 ||| STILL RETREEAATING.
  6741 | D:10     | 6741 ||| STILL RETREEAATING.
  6742 | D:10     | 6742 ||| STILL RETREEAATING.
  6743 | D:10     | 6743 ||| STILL RETREEAATING.
  6744 | D:10     | 6744 ||| STILL RETREEAATING.
  6745 | D:10     | 6745 ||| STILL RETREEAATING.
  6746 | D:10     | 6746 ||| STILL RETREEAATING.
  6753 | D:10     | HP: 17/71 [two-headed ogre/+0 giant club (21)]
  6754 | D:10     | 6754 ||| READING scroll of teleportation.
  6755 | D:10     | 6755 ||| DRINKING potion of heal wounds.
  6758 | D:10     | Killed a two-headed ogre
  6758 | D:10     | Reached ***** piety under Okawaru
  6889 | D:10     | 6889 ||| RETREEAATING.
  6902 | D:10     | 6902 ||| Stepping ~*~*~tactically~*~*~ (retreating).
  6997 | D:10     | Found a staircase to the Lair.
  6998 | D:10     | 6998 ||| Stepping ~*~*~tactically~*~*~ (retreating).
  6999 | D:10     | 6999 ||| Stepping ~*~*~tactically~*~*~ (retreating).
  7000 | D:10     | 7000 ||| Stepping ~*~*~tactically~*~*~ (retreating).
  7001 | D:10     | 7001 ||| Stepping ~*~*~tactically~*~*~ (retreating).
  7002 | D:10     | 7002 ||| Stepping ~*~*~tactically~*~*~ (retreating).
  7003 | D:10     | 7003 ||| Stepping ~*~*~tactically~*~*~ (retreating).
  7167 | D:10     | Noticed a two-headed ogre
  7176 | D:10     | Killed a two-headed ogre
  7277 | D:10     | Received a gift from Okawaru
  7302 | D:10     | Noticed a boulder beetle
  7317 | D:10     | HP: 16/71 [boulder beetle (6)]
  7323 | D:10     | HP: 9/71 [boulder beetle (4)]
  7326 | D:10     | Mangled by a boulder beetle

Levels and vault maps discovered:
D:1:      minmay_arrival_cross, layout_loops_cross, nicolae_shop_unique_rings
D:2:      layout_basic, basic_altar, uniq_terence, uniq_jessica
D:3:      layout_basic, mainiacjoe_overflow_catch_the_wave,
          chequers_temple_overflow_statue_of_worship
D:4:      layout_cave_pools, serial_shops, nicolae_shop_tiny_glass,
          uniq_sigmund, uniq_edmund
D:5:      layout_loops_ring, uniq_menkaure
D:6:      wad_woods_stonehenge, layout_basic
D:7:      layout_basic, minmay_temple_entry_statues_fountains, uniq_maggie
D:8:      layout_basic, mainiacjoe_overflow_paths, minmay_misc_feat_alley
D:9:      layout_rooms, ebering_ghost_reflecting_pool
D:10:     kennysheep_windowed_halls, layout_loops_ring,
          grunt_lair_entry_orc_guard_hut, nzn_sisyphean_effort
Temple:   minmay_crystal_spiral_temple

Skill      XL: |  1  2  3  4  5  6  7  8  9 10 11 |
---------------+----------------------------------+-----
Ranged Weapons | 5 6 7 8 10 11 13 | 13.9
Armour         | 2 3 |  3.2
Fighting       | 3 4 6 8 9 |  9.0
Dodging        | 2 3 4 5 |  5.0
Invocations    | 4 7 |  7.7
Stealth        | |  1.1

Action                     |  1- 3 |  4- 6 |  7- 9 | 10-12 || total
---------------------------+-------+-------+-------+-------++-------
   Fire: Shortbow          |    58 |   179 |   161 |       ||   398
         Orcbow            |       |       |   183 |   372 ||   555
    Use: Scroll            |     2 |     4 |     8 |     6 ||    20
         Potion            |     1 |     2 |     1 |     1 ||     5
 Armour: Leather armour    |     2 |       |       |       ||     2
         Ring mail         |     1 |    13 |       |       ||    14
         Robe              |       |    42 |   116 |    23 ||   181
         Troll leather arm |       |       |       |   128 ||   128
  Dodge: Dodged            |     3 |    47 |    89 |   168 ||   307
         Repelled          |       |       |     2 |       ||     2

Table legend:
 A = Non-vault XP
 B = Vault XP
 C = Vault XP percentage of total XP
 D = Non-vault monster count
 E = Vault monster count
 F = Vault count percentage of total count
                 A         B        C        D         E       F
            +---------+---------+-------+---------+---------+-------
      Total |   11070 |    5149 |  31.7 |     212 |      25 |  10.5
            +---------+---------+-------+---------+---------+-------
        D:1 |      43 |       0 |   0.0 |      22 |       0 |   0.0
        D:2 |      44 |      73 |  62.4 |      16 |       2 |  11.1
        D:3 |      56 |       0 |   0.0 |      20 |       0 |   0.0
        D:4 |     251 |     388 |  60.7 |      18 |       2 |  10.0
        D:5 |     815 |     172 |  17.4 |      25 |       1 |   3.8
        D:6 |    1058 |     256 |  19.5 |      14 |       6 |  30.0
        D:7 |    1378 |     424 |  23.5 |      36 |       1 |   2.7
        D:8 |     895 |       0 |   0.0 |      14 |       0 |   0.0
        D:9 |    4324 |       0 |   0.0 |      33 |       0 |   0.0
       D:10 |    2206 |    3836 |  63.5 |      14 |      13 |  48.1
            +---------+---------+-------+---------+---------+-------
